 Dungeon Crawl Stone Soup version 0.29.0-13-gc9e81de378 (webtiles) character file.

Game seed: 16476677105697551894

5 Ordine the Sneak (level 1, 0/9 HPs)
             Began as a Spriggan Enchanter on Sept 7, 2022.
             Slain by a quokka (5 damage)
             ... on level 1 of the Dungeon.
             The game lasted 00:00:31 (87 turns).

Ordine the Sneak (Spriggan Enchanter)                 Turns: 87, Time: 00:00:32

Health: 0/9        AC:  2    Str:  4    XL:     1   Next: 66%
Magic:  5/5        EV: 17    Int: 16    God:
Gold:   43         SH:  0    Dex: 15    Spells: 5/5 levels left

rFire   . . .      SeeInvis +   a - +1 dagger
rCold   . . .      Faith    .   (no shield)
rNeg    . . .      Spirit   .   b - +0 robe
rPois   .          Reflect  .   (helmet restricted)
rElec   .          Harm     .   (no cloak)
rCorr   .          Rampage  .   (gloves unavailable)
Will    .....                   (boots unavailable)
Stlth   +++.......              (no amulet)
HPRegen 0.03/turn               (no ring)
MPRegen 0.09/turn               (no ring)

@: very quick
A: very small, no large weapons, unfitting armour, see invisible, speed 3
a: no special abilities


You were on level 1 of the Dungeon.
You visited 1 branch of the dungeon, and saw 1 of its levels.

You collected 43 gold pieces.

Inventory:

Hand Weapons
 a - a +1 dagger (weapon)
Armour
 b - a +0 robe (worn)
Scrolls
 d - a scroll of acquirement {unknown}
Potions
 c - 2 potions of invisibility
 e - a potion of berserk rage {unknown}


   Skills:
 + Level 1.5 Short Blades
 - Level 2.6 Dodging
 + Level 4.7 Stealth
 - Level 2.6 Spellcasting
 - Level 3.6 Hexes


You had 5 spell levels left.
You didn't know any spells.
Your spell library contained the following spells:

 Spells                   Type           Power      Damage    Failure   Level
 Confusing Touch          Hex            13%        N/A       13%         3
 Tukima's Dance           Hex            13%        N/A       13%         3
 Ensorcelled Hibernation  Hex/Ice        14%        N/A       14%         2
 Dazzling Flash           Conj/Hex       14%        N/A       28%         3


Dungeon Overview and Level Annotations

Branches:
Dungeon (1/15)

Altars:


Innate Abilities, Weirdness & Mutations

You are very small and have problems with some larger weapons.
You are too small for most types of armour.
You have supernaturally acute eyesight. (SInv)
You cover ground extremely quickly. (Speed+++)


Message History

You now have 43 gold pieces (gained 18).
Found quicksilver dragon scales.
An endoplasm comes into view.
Found a scroll labelled RAOZIUTANK.
A kobold comes into view. It is wielding a +0 dagger.
You see here a scroll labelled ROEDOU JIYD.
The endoplasm quivers.
The kobold shouts!
A quokka comes into view.
Found 6 gold pieces.
You hit the endoplasm.
The endoplasm is moderately wounded.
The endoplasm freezes you.
You are frozen.
You hit the endoplasm.
The endoplasm is almost dead.
The endoplasm misses you.
You barely miss the endoplasm.
The endoplasm is almost dead.
You hit the endoplasm.
You kill the endoplasm!
You closely miss the kobold. The kobold closely misses you.
You hit the kobold.
You kill the kobold!
You barely miss the quokka.
The quokka bites you but does no damage.
You closely miss the quokka. The quokka misses you.
You miss the quokka. The quokka barely misses you.
You closely miss the quokka. The quokka closely misses you.
The quokka misses you.
You hit the quokka but do no damage. The quokka completely misses you.
You hit the quokka.
The quokka is severely wounded.
The quokka twitches its whiskers.
The quokka misses you.
You hit the quokka but do no damage.
The quokka is severely wounded.
The quokka bites you.
Ouch! That really hurt!
You die...

..... #...# # .. .r? ..
#. [.. .$. #.. ##.##
..... #...
###...###..##.
.#...###.##.##.......
............r@.##.#
.##......##.###...# #
........?...###.####.#
.......#.............##
........#######........
.......................
........###..####..####
... #.......#...##
#.... .....
##..........#
#..#####.....


You could see a quokka.

Vanquished Creatures
  2 endoplasms (D:1)
  A giant cockroach (D:1)
  A kobold (D:1)
4 creatures vanquished.

Notes
Turn   | Place    | Note
-------+----------+-------------------------------------------
     0 | D:1      | Ordine the Spriggan Enchanter began the quest for the Orb.
     0 | D:1      | Reached XP level 1. HP: 9/9 MP: 5/5
    87 | D:1      | Slain by a quokka

Illustrated notes

Levels and vault maps discovered:
D:1:      dpeg_arrival_pits, layout_rooms, ebering_ecumenical_altar_mist,
          nicolae_figureground_sparkle

Action                   || total
-------------------------++-------
Melee: Dagger            ||    20
       Punch             ||     1
 Stab: Sleeping          ||     1
Armor: Robe              ||     2
Dodge: Dodged            ||    11
